 Dungeon Crawl Stone Soup version 0.27-a0-1119-gbf574a6a6b (webtiles) character file.

Game seed: 13121213512671181445

18 Zeld the Skirmisher (level 2, 0/21 HPs)
             Began as an Octopode Fighter on May 2, 2021.
             Slain by Sigmund
             ... wielding a +0 scythe
              (2 damage)
             ... on level 2 of the Dungeon.
             The game lasted 00:00:43 (393 turns).

Zeld the Skirmisher (Octopode Fighter)               Turns: 393, Time: 00:00:44

Health: 0/21       AC:  1    Str: 15    XL:     2   Next: 66%
Magic:  2/2        EV: 11    Int: 10    God:
Gold:   0          SH:  8    Dex: 11    Spells: 1/1 levels left

rFire    . . .     SeeInvis .   a - +0 war axe
rCold    . . .     Faith    .   b - +0 kite shield
rNeg     . . .     Spirit   .   (helmet restricted)
rPois    .         Reflect  .   (no amulet)
rElec    .         Harm     .   (no ring)
rCorr    .         Rampage  .   (no ring)
Will     .....                  (no ring)
Stlth    ++........             (no ring)
HPRegen  0.07/turn              (no ring)
MPRegen  0.08/turn              (no ring)
                                (no ring)
                                (no ring)

@: mighty
A: almost no armour, amphibious, 8 rings, camouflage 1, gelatinous body 1,
(nimble swimmer 1), tentacles
a: no special abilities


You were on level 2 of the Dungeon.
You visited 1 branch of the dungeon, and saw 2 of its levels.

Inventory:

Hand Weapons
 a - a +0 war axe (weapon)
Armour
 b - a +0 kite shield (worn)
Scrolls
 d - a scroll of torment {unknown}


   Skills:
 * Level 3.3 Fighting
 * Level 2.4 Axes
 - Level 3.0 Dodging
 * Level 3.3 Shields


You had one spell level left.
You didn't know any spells.
Your spell library contained the following spells:

 Spells                   Type           Power      Damage    Failure   Level
 Corona                   Hex            0%         N/A       86%         1
 Ensorcelled Hibernation  Hex/Ice        0%         N/A       95%         2
 Confusing Touch          Hex            0%         N/A       99%         3
 Dazzling Flash           Conj/Hex       0%         N/A       99%         3
 Tukima's Dance           Hex            0%         N/A       99%         3


Dungeon Overview and Level Annotations

Branches:
Dungeon (2/15)

Altars:

Annotations:
D:2 Sigmund


Innate Abilities, Weirdness & Mutations

You cannot wear most types of armour.
You are amphibious.
You can wear up to eight rings at the same time.
Your skin changes colour to match your surroundings (Stealth+).
Your rubbery body absorbs attacks. (AC +1, EV +1)
((You are camouflaged near water. (Stealth+)))
You have tentacles for arms and can constrict up to eight enemies at once.


Message History

You hit the endoplasm.
You kill the endoplasm!
No target in view!
No target in view!
Found 19 stones.
Key pressed, stopping explore.
A bat comes into view.
The helpless bat fails to defend itself.
You slash the bat!
You kill the bat!
No target in view!
No target in view!
No target in view!
You open the door.
There is an open door here.
d - a scroll labelled ZYMUDYA PYBEUS You open the door.
There is an open door here.
You see here a +0 hand axe.
An endoplasm comes into view.
Sigmund the Dreaded comes into view.
He is wielding a +0 scythe.
Sigmund shouts!
Sigmund moves out of view.
You hit the endoplasm.
The endoplasm is almost dead.
Sigmund says, "Now you see me, now you don't..."
The endoplasm freezes you.
You are frozen.
You slash the endoplasm!
You kill the endoplasm!
You block Sigmund's attack. Sigmund barely misses you.
You block Sigmund's attack.
Sigmund hits you from afar with a +0 scythe!
Ouch! That really hurt!
* * * LOW HITPOINT WARNING * * *
You feel very mighty all of a sudden.
Sigmund hits you from afar with a +0 scythe.
* * * LOW HITPOINT WARNING * * *
Sigmund hits you with a +0 scythe.
You die...

#.# #.##.##
##.#####
#.######.##..###.##
#........##.#.#.##
###########.##.###
#### #......# ...##
#....#.# ...
##......#
#.###..........
#@@.........###
#.....(##.....#.#
#.#.#.##.....##.#
..... ##.......#
#.#.## ##.#####
..... #.# ##.# .#
.. +#


You could see Sigmund.

Vanquished Creatures
  A dart slug (D:2)
  A bat (D:2)
  4 endoplasms (D:2)
  A giant cockroach (D:2)
  A hobgoblin (D:1)
  A quokka (D:2)
  4 ball pythons (D:2)
  A kobold (D:2)
  A rat (D:2)
15 creatures vanquished.

Vanquished Creatures (others)
  A plant (D:2)
1 creature vanquished.

Grand Total: 16 creatures vanquished

Notes
Turn   | Place    | Note
-------+----------+-------------------------------------------
     0 | D:1      | Zeld the Octopode Fighter began the quest for the Orb.
     0 | D:1      | Reached XP level 1. HP: 16/16 MP: 1/1
    90 | D:2      | Reached XP level 2. HP: 20/21 MP: 2/2
   385 | D:2      | Noticed Sigmund
   393 | D:2      | Slain by Sigmund

Illustrated notes

Levels and vault maps discovered:
D:1:      ncdulo_wetmaze, layout_loops_corners, serial_shops, nicolae_shop_stone
D:2:      layout_loops_corners, hangedman_abyss_or_decor_stabs,
          serial_bayou_pond_b, uniq_sigmund

Action                   || total
-------------------------++-------
Melee: War axe           ||    22
       Constrict         ||     6
       Tentacles         ||     5
  Use: Potion            ||     1
 Stab: Sleeping          ||     1
Armor: Skin              ||     1
Dodge: Dodged            ||     9
Block: Kite shield       ||     8

Table legend: (Time is in decaauts)
 A = Elapsed time spent in this place.
 B = Non-inter-level travel time spent in this place.
 C = Inter-level travel time spent in this place.
 D = Time resting spent in this place.
 E = Time spent auto-exploring this place.
 F = Levels seen in this place.
 G = Mean time per level.
                   A        B        C        D        E       F      G
               +--------+--------+--------+--------+--------+-----+--------+
         Total |    406 |    393 |     13 |      0 |    268 |   2 |  203.0 |
       Dungeon |    406 |    393 |     13 |      0 |    268 |   2 |  203.0 |
               +--------+--------+--------+--------+--------+-----+--------+

Top non-repeatable levels by time:
     D:2: 347 daAuts
     D:1: 59 daAuts
